Map: [ESL] Tropical Sacrifice

Players

Serral - Winner!

  • Race: Zerg Zerg
  • Spawn Location: 1:00

Reynor

  • Race: Zerg Zerg
  • Spawn Location: 7:00

Event: DreamHack SC2 Masters 2022 Atlanta (Online)

VOD

Have the link to the VOD?

Description

Time

  • Played on: Oct. 15, 2022, 1:09 p.m.
  • Length: 6:06

All games in this series

Show
View Real Time Build Order
Export as new Build Order

Serral Zerg - Winner!

Build Orders: Hatch First 

Get SALT Encoding   

  12  0:00  Drone  
  13  0:13  Overlord  
  13  0:17  Drone  
  14  0:31  Drone x2  
  16  0:49  Hatchery  
  15  0:53  Drone  
  15  0:56  Drone  
  17  1:00  Drone  
  18  1:11  Extractor  
  17  1:15  Spawning Pool  
  16  1:18  Drone  
  16  1:22  Drone  
  18  1:29  Drone  
  19  1:39  Drone  
  20  1:50  Drone  
  21  2:01  Queen x2  
  21  2:02  Zergling x2, Overlord  
  26  2:12  Drone x2  
  26  2:13  Metabolic Boost  
  28  2:23  Zergling x2  
  28  2:24  Drone  
  30  2:37  Hatchery  
  30  2:38  Drone  
  30  2:42  Drone  
  31  2:44  Drone  
  31  2:50  Baneling Nest  
  31  2:54  Overlord  
  31  2:57  Drone  
  32  3:00  Drone  
  32  3:06  Queen  
  32  3:12  Zergling x4  
  36  3:13  Zergling x2  
  36  3:17  Zergling x4  
  40  3:20  Drone  
  40  3:22  Drone  
  41  3:28  Overlord  
  41  3:29  Zergling x2  
  41  3:30  Zergling x2  
  41  3:33  Baneling x2  
  43  3:34  Baneling  
  43  3:39  Zergling x2  
  44  3:47  Drone x3  
  44  3:48  Drone x2  
  49  3:51  Drone  
  49  3:58  Drone  
  49  3:59  Extractor  
  49  4:00  Drone, Roach Warren  
  47  4:06  Drone  
  47  4:08  Drone  
  49  4:11  Drone, Evolution Chamber  
  49  4:16  Overlord  
  49  4:18  Overlord  
  49  4:22  Drone  
  49  4:27  Zergling x2  
  49  4:29  Drone, Overlord  
  51  4:37  Drone  
  50  4:40  Roach x3  
  50  4:41  Roach  
  50  4:43  Roach  
  60  4:48  Roach x2  
  64  4:54  Roach x2  
  64  4:56  Roach  
  64  4:58  Roach  
  64  4:59  Baneling x2  
  72  5:03  Roach  
  74  5:08  Baneling x2  
  74  5:11  Zergling x8  
  78  5:18  Zergling x8  
  82  5:31  Ravager  
  82  5:34  Ravager  
  79  5:36  Zergling x6  
  79  5:39  Overlord x2  
  79  5:40  Overlord  
  82  5:44  Baneling x2  
  81  6:00  Ravager  
Show
View Real Time Build Order
Export as new Build Order

Reynor Zerg 

Build Orders: Hatch First 

Get SALT Encoding   

  12  0:00  Drone  
  13  0:12  Overlord  
  13  0:17  Drone  
  14  0:31  Drone x2  
  16  0:49  Hatchery  
  15  0:53  Drone  
  15  0:56  Drone  
  17  0:59  Drone  
  18  1:07  Extractor  
  17  1:15  Spawning Pool  
  16  1:18  Drone  
  16  1:21  Drone  
  18  1:28  Drone  
  19  1:39  Drone  
  20  1:49  Drone  
  21  2:02  Zergling x2, Queen  
  21  2:03  Queen  
  21  2:04  Drone  
  21  2:07  Metabolic Boost  
  27  2:11  Overlord  
  27  2:14  Drone  
  28  2:29  Zergling x2  
  29  2:30  Drone  
  30  2:38  Hatchery  
  30  2:40  Drone  
  30  2:42  Drone  
  31  2:44  Zergling x2  
  31  2:46  Zergling x2  
  33  2:53  Overlord  
  33  2:55  Zergling x2  
  34  3:06  Zergling x4  
  34  3:10  Overlord  
  35  3:13  Zergling x8  
  35  3:16  Zergling x2  
  41  3:20  Drone  
  41  3:23  Drone  
  41  3:25  Baneling Nest  
  41  3:28  Overlord  
  41  3:32  Drone  
  42  3:37  Queen  
  42  3:40  Drone  
  45  3:44  Drone  
  45  3:48  Drone x2  
  46  3:49  Drone x2  
  48  3:58  Drone x4  
  48  4:02  Overlord  
  48  4:08  Zergling x6  
  51  4:10  Extractor  
  51  4:13  Zergling x2  
  51  4:15  Evolution Chamber  
  50  4:20  Zergling x4  
  50  4:23  Overlord  
  52  4:27  Zergling x2  
  52  4:30  Zergling x8  
  57  4:33  Overlord  
  57  4:36  Baneling x2  
  55  4:39  Zergling x2  
  55  4:44  Zergling x4  
  55  4:45  Zergling x4  
  58  4:48  Zergling x2  
  58  4:49  Zergling x2  
  60  4:53  Zergling x2  
  60  4:56  Baneling x4  
  60  4:57  Zergling x2  
  62  5:00  Zergling x2  
  62  5:02  Zergling x2  
  62  5:03  Baneling x3  
  64  5:09  Drone  
  64  5:10  Drone  
  64  5:12  Drone x2  
  64  5:13  Roach Warren  
  66  5:15  Drone  
  66  5:18  Drone  
  69  5:21  Drone  
  69  5:28  Zergling x10  
  72  5:32  Zergling x4  
  72  5:33  Zergling x2  
  57  5:35  Zergling x2  
  57  5:36  Zergling x2  
  57  5:40  Zergling x4  
  57  5:42  Zergling x2  
  60  5:46  Baneling  
  60  5:47  Zergling x2  
Tags
 
Add a new tag
Caveats
  • Supply blocks, unpowered buildings, or Contaminate may cause inaccurate times.
  • Supply counts are checked every 10 seconds.